 Dungeon Crawl Stone Soup version 0.31-a0-844-gdc52ec4e09 (webtiles) character file.

Game seed: 14845919875924141682

98342 adelrune the Brawler (level 15, -6/145 (152) HPs)
             Began as a Troll Shapeshifter on Sept 28, 2023.
             Was the Champion of Qazlal.
             Mangled by a skeletal warrior
             ... wielding a +0 glaive
              (11 damage)
             ... while paralysed by an orc sorcerer
             ... on level 15 of the Dungeon.
             The game lasted 00:59:23 (22101 turns).

adelrune the Brawler (Troll Shapeshifter)          Turns: 22101, Time: 00:59:24

HP:   -6/145 (152)  AC: 14    Str: 30    XL:     15   Next: 74%
MP:   21/21         EV:  1    Int:  6    God:    Qazlal [******]
Gold: 934           SH:  0    Dex: 11    Spells: 14/14 levels left

rFire   . .          .
                       - Unarmed
rCold   . . .        (shield currently unavailable)
rNeg    . . .        M - +0 acid dragon scales
rPois   .            Z - +1 hat {SInv}
rElec   .            t - +2 cloak
rCorr   +            (gloves unavailable)
SInv    +            (boots unavailable)
Will    +....        p - amulet of reflection
Stlth   +            s - +5 ring of evasion
HPRegen 1.24/turn    r - +4 ring of protection
MPRegen 0.17/turn

%: repel missiles, reflection
@: paralysed, blade hands, protected from physical damage, lightly drained
A: large, unfitting armour, (claws 3), regeneration 1, shaggy fur 1, tough skin
1
a: Begin Untransformation, Renounce Religion, Upheaval, Elemental Force,
Disaster Area


You were on level 15 of the Dungeon.
You worshipped Qazlal.
Qazlal was exalted by your worship.
You had blades for hands.
You visited 5 branches of the dungeon, and saw 24 of its levels.
You also visited: Gauntlet.

You collected 2191 gold pieces.
You spent 1257 gold pieces at shops.

Inventory:

Hand Weapons
 b - a +0 sling
Armour
 t - a +2 cloak (worn)
 M - +0 acid dragon scales (worn)
 Z - a +1 hat of see invisible (worn)
Jewellery
 k - a ring of positive energy
 p - an amulet of reflection (around neck)
 r - a +4 ring of protection (right blade hand)
 s - a +5 ring of evasion (left blade hand)
 u - a ring of poison resistance
 y - the ring "Mouffoa" {Fire Str+2}
   (You found it on level 5 of the Dungeon)

   [ring of fire]

   Fire:      It enhances your fire magic.
   Str+2:     It affects your strength (+2).
   rF+:       It protects you from fire.
   rC-:       It makes you vulnerable to cold.
 K - a ring of protection from fire
 O - a +6 ring of strength
 T - a ring of protection from cold
 W - a ring of resist corrosion
 Y - an amulet of regeneration
Talismans
 c - a beast talisman
 d - a flux talisman
 V - a maw talisman
 X - a blade talisman (active)
Wands
 A - a wand of paralysis (11)
 G - a wand of flame (30)
 H - a wand of iceblast (13)
 Q - a wand of polymorph (3)
 S - a wand of mindburst (10)
Scrolls
 f - 2 scrolls of enchant weapon
 g - 3 scrolls of revelation
 l - 7 scrolls of poison
 n - 6 scrolls of teleportation
 v - a scroll of silence
 x - 2 scrolls of identify
 B - 5 scrolls of noise
 C - 2 scrolls of blinking
 D - 3 scrolls of vulnerability
 F - 2 scrolls of fear
 I - 3 scrolls of immolation
 J - a scroll of torment {unknown}
 N - 5 scrolls of enchant armour
 P - a scroll of brand weapon
 U - 4 scrolls of fog
Potions
 a - 2 potions of berserk rage
 e - 7 potions of haste
 h - a potion of magic
 i - 2 potions of might
 j - 4 potions of attraction
 m - 2 potions of lignification
 o - 5 potions of enlightenment
 q - 9 potions of curing
 w - 8 potions of heal wounds
 z - 3 potions of brilliance
 E - a potion of cancellation {unknown}
 L - a potion of ambrosia {unknown}
 R - 4 potions of mutation


   Skills:
 + Level 10.4 Fighting
 + Level 10.6 Dodging
 * Level 17.1 Unarmed Combat
 * Level 9.6 Invocations
 + Level 11.6 Shapeshifting


You had 14 spell levels left.
You didn't know any spells.
Your spell library contained the following spells:

 Spells                   Type           Power      Damage    Failure   Level
 Foxfire                  Conj/Fire      0%         2x1d4     52%         1
 Blink                    Tloc           0%         N/A       65%         2
 Cigotuvi's Dreadful Rot  Necr/Pois/Air  0%         N/A       65%         2
 Ensorcelled Hibernation  Hex/Ice        0%         N/A       65%         2
 Lesser Beckoning         Tloc           0%         N/A       65%         2
 Momentum Strike          Conj/Tloc      0%         3d8       65%         2
 Passwall                 Tmut/Erth      0%         N/A       65%         2
 Poisonous Vapours        Pois/Air       0%         N/A       65%         2
 Dazzling Flash           Conj/Hex       0%         N/A       87%         3
 Frozen Ramparts          Ice            0%         1d1       87%         3
 Ignite Poison            Fire/Tmut/Pois 0%         N/A       87%         3
 Mephitic Cloud           Conj/Pois/Air  0%         N/A       87%         3
 Stone Arrow              Conj/Erth      0%         3d7       87%         3
 Swiftness                Air            0%         N/A       87%         3
 Volatile Blastmotes      Fire/Tloc      0%         2d10      87%         3
 Animate Armour           Summ/Erth      0%         N/A       99%         4
 Dispel Undead            Necr           0%         3d6       99%         4
 Olgreb's Toxic Radiance  Pois           0%         N/A       99%         4
 Petrify                  Tmut/Erth      0%         N/A       99%         4
 Vhi's Electric Charge    Tloc/Air       0%         N/A       99%         4
 Arcjolt                  Conj/Air       0%         1d10      100%        5
 Freezing Cloud           Conj/Ice/Air   0%         6-21      100%        5
 Metabolic Englaciation   Hex/Ice        0%         N/A       100%        5
 Death Channel            Necr           0%         N/A       100%        6
 Plasma Beam              Fire/Air       0%         2x1d10    100%        6
 Starburst                Conj/Fire      0%         6d3       100%        6
 Lehudib's Crystal Spear  Conj/Erth      0%         10d2      100%        8
 Maxwell's Capacitive Co  Air            0%         ∞         100%        8


Dungeon Overview and Level Annotations

Branches:
Dungeon (15/15)            Temple (1/1) D:7            Lair (5/5) D:10
  Swamp (0/4) Lair:2        Snake (1/4) Lair:3        Slime (0/5) Lair:4
    Orc (2/2) D:11            Elf (0/3) Orc:2        Vaults (0/5) D:13
 Depths (0/4) D:15        Gauntlet (visited)

Altars:
Ashenzari
Cheibriados
Dithmenos
Elyvilon
Fedhas
Gozag
Hepliaklqana
Kikubaaqudgha
Makhleb
Nemelex Xobeh
Okawaru
Qazlal
Ru
Sif Muna
Trog
Uskayaw
Vehumet
Wu Jian
Xom
Yredelemnul
Zin
The Shining One
Jiyva

Shops:
D:5 :   D:14 =   Orc:2 =([*

Portals:
Trove: D:13 (give 2 scrolls of acquirement)

Annotations:
D:6 1 runed translucent door, Pooter's ghost, novice MiBe
D:10 1 runed translucent door, Kurtz's ghost, journeyman OpFi
Lair:1 exclusion: oklob plant


Innate Abilities, Weirdness & Mutations

You have blades for hands.
You are incapable of wielding weapons or throwing items.
You are too large for most types of armour.
((You have claws for hands.))
Your natural rate of healing is unusually fast.
You are covered in fur. (AC +1)
You have tough skin. (AC +1)


Message History

Qazlal accepts your kill.
You block the skeletal warrior's attack.
You closely miss the orc. You closely miss the orc. Your slash misses the orc.
The skeletal warrior hits you from afar with a +0 glaive!!
The skeletal warrior hits you from afar with a +0 halberd!
The orc completely misses you.
The orc sorcerer mumbles some strange words.
An orc knight comes into view.
It is wielding a +2 great mace of protection.
You barely miss the orc. You block the orc's attack.
The orc knight roars a battlecry!
The orcs go into a battle-frenzy!
The skeletal warrior closely misses you.
You block the skeletal warrior's attack.
You hit the orc but do no damage. You slash the orc!
You kill the orc!
Qazlal accepts your kill.
The orc knight unwields a +2 great mace of protection.
The orc knight wields a +0 arbalest.
The orc knight shoots a bolt.
The bolt closely misses you.
The orc sorcerer points at you and mumbles some strange words.
You suddenly lose the ability to move!
The skeletal warrior hits you from afar with a +0 glaive!
You feel protected from physical attacks.
The skeletal warrior hits you from afar with a +0 halberd!
* * * LOW HITPOINT WARNING * * *
You hear a shout!
You hear a shout!
The skeletal warrior hits you from afar with a +0 glaive!
* * * LOW HITPOINT WARNING * * *
The skeletal warrior hits you but does no damage.
The orc sorcerer points at you and mumbles some strange words.
The bolt of negative energy hits you!!
You feel drained.
* * * LOW HITPOINT WARNING * * *
The bolt of negative energy hits the skeletal warrior.
The skeletal warrior completely resists.
The orc knight shoots a bolt.
The bolt hits you.
* * * LOW HITPOINT WARNING * * *
The skeletal warrior hits you from afar with a +0 glaive!
You die...

#[##..)....#..........#
......_..............#
#..[....#.........[# .
# ##.....##..........#
. #.
##...##.....#+###.# .
#.. ##.###.....# .#
#... #..# #o....#
#....#.####z3...# ≈#
#......z.@o.#'### ≈≈
#....######o# ≈≈ #####
# # ≈. .. .. #. # ##


You could see an orc knight, 2 skeletal warriors, a sun demon (summoned) and an
orc sorcerer (strong).

Vanquished Creatures
  Rupert (Lair:4)
  Gastronok (D:12)
  2 orc warlords
  A quicksilver ooze (Gauntlet)
  Nessos (D:13)
  A stone giant (D:15)
  A minotaur (Gauntlet)
  Josephine (D:11)
  5 hydras
  A catoblepas (Lair:4)
  A death knight (D:15)
  9 centaur warriors
  7 two-headed ogres
  5 boulder beetles
  2 tengu warriors (D:14)
  Urug (Orc:1)
  2 orc high priests
  5 skysharks
  A goliath frog (Lair:5)
  A skeletal warrior (D:15)
  A deep elf archer (D:13)
  2 phantasmal warriors (D:15)
  An orange crystal statue (D:12)
  2 lindwurms
  4 deep elf pyromancers
  A wizard (D:14)
  A deep elf zephyrmancer (D:13)
  5 orc knights
  5 ugly things (D:13)
  3 cyclopes
  2 orc sorcerers
  A manticore (D:14)
  11 elephants (Lair:4)
  4 black mambas
  A black mamba (shapeshifter) (D:13)
  A torpor snail (Lair:4)
  16 cane toads
  2 gargoyles
  A rust devil (Gauntlet)
  A minotaur zombie (Gauntlet)
  3 rime drakes
  9 komodo dragons
  2 kobold demonologists (D:12)
  6 meliai
  5 trolls
  3 tyrant leeches (Lair:5)
  3 polar bears
  A polar bear (shapeshifter) (D:14)
  3 hornets
  24 blink frogs
  15 dream sheep
  10 slime creatures (D:13)
  3 centaur simulacra
  6 wyverns
  A shadow (D:10)
  A vampire (D:12)
  A ynoxinul (Gauntlet)
  8 wraiths
  7 basilisks
  51 yaks
  2 steam dragons
  12 vampire mosquitoes
  Menkaure (D:5)
  2 wargs
  3 nagas (Lair:3)
  2 acid dragons
  13 water moccasins
  2 ice beasts
  A sky beast (D:7)
  3 black bears
  32 orc warriors
  5 ogres
  A boggart (D:13)
  11 wolves (Lair:1)
  36 centaurs
  8 kobold brigands
  A phantom (D:7)
  15 bullfrogs
  A gnoll sergeant (D:13)
  2 scorpions
  A scorpion (shapeshifter) (D:13)
  A hornet simulacrum (Gauntlet)
  6 killer bees (D:11)
  4 howler monkeys
  2 electric eels
  2 gnoll boudas
  3 jellies
  Crazy Yiuf (D:3)
  5 hounds
  19 orc priests
  4 iron imps
  Terence (D:2)
  2 sleepcaps
  4 iguanas
  Natasha (D:2)
  21 orc wizards
  9 hell rats (Lair:4)
  12 gnolls
  9 adders
  A white imp (D:5)
  2 dart slugs
  94 orcs
  9 endoplasms
  5 goblins
  6 hobgoblins
  2 jackals (D:1)
  5 quokkas
  11 ball pythons
  7 bats
  4 frilled lizards
  34 kobolds
  2 rats (D:1)
718 creatures vanquished.

Vanquished Creatures (collateral kills)
  A hydra (Lair:5)
  A yak (Lair:5)
2 creatures vanquished.

Vanquished Creatures (others)
  A quokka (D:8)
1 creature vanquished.

Grand Total: 721 creatures vanquished

Notes
Turn   | Place    | Note
-------+----------+-------------------------------------------
     0 | D:1      | adelrune the Troll Shapeshifter began the quest for the
                  | Orb.
     0 | D:1      | Reached XP level 1. HP: 18/18 MP: 0/0
    79 | D:1      | Reached skill level 1 in Fighting
    96 | D:1      | Reached XP level 2. HP: 27/27 MP: 1/1
   535 | D:1      | Reached XP level 3. HP: 31/33 MP: 2/2
   952 | D:2      | Noticed Terence
   959 | D:2      | Killed Terence
   960 | D:2      | Reached XP level 4. HP: 41/41 MP: 3/3
  1110 | D:2      | Noticed Natasha
  1183 | D:2      | Killed Natasha
  1184 | D:2      | Reached skill level 4 in Unarmed Combat
  1464 | D:3      | Reached XP level 5. HP: 49/49 MP: 4/4
  1883 | D:3      | Found a runed translucent door.
  1884 | D:3      | Noticed Crazy Yiuf
  1896 | D:3      | Killed Crazy Yiuf
  2237 | D:4      | Reached XP level 6. HP: 32/57 MP: 5/5
  2360 | D:4      | Reached skill level 5 in Unarmed Combat
  3178 | D:5      | Entered Level 5 of the Dungeon
  3335 | D:5      | Found Yxime's Book Shop.
  3359 | D:5      | Noticed a water moccasin
  3402 | D:5      | Killed a water moccasin
  3403 | D:5      | Reached XP level 7. HP: 66/66 MP: 6/6
  3544 | D:5      | Identified the ring "Mouffoa" {Fire Str+2}
  3707 | D:5      | Noticed Menkaure
  3717 | D:5      | Killed Menkaure
  3718 | D:5      | Reached skill level 6 in Unarmed Combat
  4538 | D:6      | Found a runed translucent door.
  4539 | D:6      | Noticed Pooter's ghost (novice MiBe)
  4558 | D:6      | Reached XP level 8. HP: 56/75 MP: 7/7
  4597 | D:6      | Reached skill level 5 in Shapeshifting
  4882 | D:7      | Found a staircase to the Ecumenical Temple.
  4891 | D:7      | Reached skill level 7 in Unarmed Combat
  4912 | Temple   | Entered the Ecumenical Temple
  4978 | D:7      | Found a shimmering altar of Xom.
  4981 | D:7      | Found a basalt altar of Yredelemnul.
  5090 | D:7      | Noticed a hornet
  5093 | D:7      | Killed a hornet
  5650 | D:8      | Found a white marble altar of Elyvilon.
  5673 | D:8      | Reached skill level 8 in Unarmed Combat
  5708 | D:8      | Reached XP level 9. HP: 83/84 MP: 8/8
  5807 | D:8      | Noticed a two-headed ogre
  5843 | D:8      | Found Zin's Purification Station.
  5847 | D:8      | Found a glowing silver altar of Zin.
  5850 | D:8      | Bought a potion of curing for 90 gold pieces
  6121 | D:8      | Killed a two-headed ogre
  6122 | D:8      | Reached skill level 5 in Dodging
  6234 | D:8      | Reached skill level 9 in Unarmed Combat
  6766 | D:9      | Noticed a two-headed ogre
  6817 | D:8      | Killed a two-headed ogre
  6818 | D:8      | Reached skill level 5 in Fighting
  6922 | D:9      | Reached XP level 10. HP: 92/96 MP: 9/9
  7079 | D:9      | Noticed a two-headed ogre
  7090 | D:9      | Killed a two-headed ogre
  7091 | D:9      | Reached skill level 10 in Unarmed Combat
  7238 | D:9      | Found a snail-covered altar of Cheibriados.
  7795 | D:10     | Entered Level 10 of the Dungeon
  7944 | D:10     | Found a staircase to the Lair.
  7961 | D:10     | Reached skill level 11 in Unarmed Combat
  8089 | D:10     | Found a stormy altar of Qazlal.
  8089 | D:10     | Found an opulent altar of Gozag.
  8089 | D:10     | Found a burning altar of Makhleb.
  8092 | D:10     | Found a shimmering blue altar of Sif Muna.
  8093 | D:10     | Found an ancient bone altar of Kikubaaqudgha.
  8094 | D:10     | Found an iron altar of Okawaru.
  8098 | D:10     | Became a worshipper of Qazlal Stormbringer
  8248 | D:10     | Noticed a two-headed ogre
  8253 | D:10     | Reached XP level 11. HP: 105/105 MP: 10/10
  8258 | D:10     | Killed a two-headed ogre
  8351 | D:10     | Found a runed translucent door.
  8352 | D:10     | Noticed Kurtz's ghost (journeyman OpFi)
  8352 | D:10     | Noticed a spriggan rider
  8352 | D:10     | Identified the +3 spear of the Shoals {pain, rPois rC+
                  | Dex+3}
  8696 | D:11     | Reached * piety under Qazlal
  8773 | D:11     | Found a gate leading to a gauntlet.
  8794 | Gauntlet | Entered a Gauntlet
  8794 | Gauntlet | Found a transporter.
  8794 | Gauntlet | Found a transporter.
  8812 | Gauntlet | Found a transporter.
  8817 | Gauntlet | Found a transporter.
  8835 | Gauntlet | Found a transporter.
  8846 | Gauntlet | Found a transporter.
  8848 | Gauntlet | Noticed a quicksilver ooze
  8862 | Gauntlet | Found a transporter.
  8939 | Gauntlet | Found a transporter.
  8950 | Gauntlet | Found a transporter.
  8952 | Gauntlet | Found a large runed translucent door.
  8953 | Gauntlet | Found a large runed translucent door.
  8954 | Gauntlet | Found a large runed translucent door.
  8954 | Gauntlet | Found a large runed translucent door.
  8964 | Gauntlet | Found a transporter.
  8977 | Gauntlet | Found a transporter.
  8991 | Gauntlet | Noticed a quicksilver ooze
  8993 | Gauntlet | Found a transporter.
  9070 | Gauntlet | Found a transporter.
  9072 | Gauntlet | Found a large runed translucent door.
  9073 | Gauntlet | Found a large runed translucent door.
  9074 | Gauntlet | Found a large runed translucent door.
  9074 | Gauntlet | Found a large runed translucent door.
  9074 | Gauntlet | Found a runed translucent door.
  9074 | Gauntlet | Found a runed translucent door.
  9075 | Gauntlet | Found a large runed translucent door.
  9076 | Gauntlet | Found a large runed translucent door.
  9077 | Gauntlet | Found a large runed translucent door.
  9077 | Gauntlet | Found a large runed translucent door.
  9078 | Gauntlet | Found a large runed translucent door.
  9078 | Gauntlet | Found a large runed translucent door.
  9080 | Gauntlet | Found a runed translucent gate.
  9080 | Gauntlet | Found a transporter.
  9080 | Gauntlet | Found a runed translucent gate.
  9081 | Gauntlet | Noticed a death scarab
  9082 | Gauntlet | Found a transporter.
  9082 | Gauntlet | Found a transporter.
  9091 | Gauntlet | Found a runed translucent gate.
  9091 | Gauntlet | Found the ring of Shadows {Umbra +Inv Stlth+}
  9168 | Gauntlet | Found a large runed translucent door.
  9168 | Gauntlet | Found a large runed translucent door.
  9225 | Gauntlet | Reached skill level 12 in Unarmed Combat
  9269 | Gauntlet | Killed a quicksilver ooze
  9313 | Gauntlet | Noticed a minotaur
  9325 | Gauntlet | Killed a minotaur
  9338 | Gauntlet | Identified the +6 morningstar "Fish" {freeze, rC+ Int+3}
  9473 | D:11     | Found a staircase to the Orcish Mines.
  9531 | D:11     | Reached ** piety under Qazlal
 10114 | D:11     | Noticed Josephine
 10122 | D:11     | Killed Josephine
 10129 | D:11     | Reached XP level 12. HP: 103/118 MP: 11/11
 10209 | D:12     | Noticed a two-headed ogre
 10224 | D:12     | Killed a two-headed ogre
 10225 | D:12     | Reached skill level 13 in Unarmed Combat
 10277 | D:12     | Noticed a boulder beetle
 10344 | Lair:1   | Entered Level 1 of the Lair of Beasts
 10631 | Lair:1   | Reached *** piety under Qazlal
 11971 | Lair:2   | Found a staircase to the Swamp.
 12230 | Lair:2   | Reached skill level 14 in Unarmed Combat
 12633 | Lair:2   | Reached skill level 1 in Invocations
 12945 | Lair:2   | Reached **** piety under Qazlal
 12954 | Lair:2   | Reached XP level 13. HP: 83/128 MP: 13/13
 13151 | Lair:3   | Found a staircase to the Snake Pit.
 13761 | Snake:1  | Entered Level 1 of the Snake Pit
 13848 | Lair:4   | Reached skill level 10 in Shapeshifting
 14026 | Lair:4   | Reached ***** piety under Qazlal
 14192 | Lair:4   | Noticed Rupert
 14204 | Lair:4   | Killed Rupert
 14205 | Lair:4   | Reached skill level 15 in Unarmed Combat
 14205 | Lair:4   | Reached skill level 5 in Invocations
 14340 | Lair:4   | Found a staircase to the Slime Pits.
 14340 | Lair:4   | Found a viscous altar of Jiyva.
 14561 | Lair:5   | Entered Level 5 of the Lair of Beasts
 14836 | Lair:4   | Reached XP level 14. HP: 118/140 MP: 17/17
 15943 | Lair:5   | Got a vellum book
 16314 | Orc:1    | Entered Level 1 of the Orcish Mines
 16996 | Orc:2    | Entered Level 2 of the Orcish Mines
 16996 | Orc:2    | Found a staircase to the Elven Halls.
 16996 | Orc:2    | Found Elog's Antique Armour Shop.
 17076 | Orc:2    | Noticed Urug
 17099 | Orc:1    | Killed Urug
 17259 | Orc:2    | Noticed an orc warlord
 17414 | Orc:1    | Killed an orc warlord
 17415 | Orc:1    | Reached skill level 16 in Unarmed Combat
 17530 | Orc:2    | Found Saetaol's Antique Weapon Emporium.
 17610 | Orc:2    | Found Itag's General Store.
 17618 | Orc:2    | Bought a scroll of fear for 52 gold pieces
 17618 | Orc:2    | Bought a potion of heal wounds for 65 gold pieces
 17761 | Orc:2    | Paralysed by an orc sorcerer for 2 turns
 17975 | Orc:2    | Found Vafroi's Jewellery Shoppe.
 17980 | Orc:2    | Noticed an orc warlord
 18006 | Orc:2    | Killed an orc warlord
 18007 | Orc:2    | Reached skill level 10 in Dodging
 18044 | Orc:2    | Bought a blade talisman for 600 gold pieces
 18044 | Orc:2    | Bought an amulet of regeneration for 450 gold pieces
 18340 | D:12     | Noticed Gastronok
 18352 | D:12     | Killed Gastronok
 19128 | D:13     | Reached XP level 15. HP: 121/149 MP: 20/20
 19148 | D:13     | Noticed Nessos
 19154 | D:13     | Killed Nessos
 19186 | D:13     | Reached ****** piety under Qazlal
 19701 | D:13     | Reached skill level 10 in Fighting
 20318 | D:13     | Found a portal to a secret trove of treasure.
 20543 | D:13     | Found a gate to the Vaults.
 21392 | D:14     | Found Bicint Ashurch's Jewellery Shop.
 21521 | D:15     | Entered Level 15 of the Dungeon
 21550 | D:15     | Reached skill level 17 in Unarmed Combat
 21647 | D:15     | Found a staircase to the Depths.
 22074 | D:15     | Found a bloodstained altar of Trog.
 22099 | D:15     | Paralysed by an orc sorcerer for 4 turns
 22100 | D:15     | HP: 7/145 [orc sorcerer/bolt of negative energy[an orc
                  | knight] (29)]
 22101 | D:15     | Mangled by a skeletal warrior

Illustrated notes

Levels and vault maps discovered:
D:1:      minmay_arrival_stair_chambers, layout_loops_cross
D:2:      layout_basic, uniq_natasha, uniq_terence
D:3:      layout_basic, saegor_snake_ambush, uniq_crazy_yiuf_cottage
D:4:      minmay_door_path, layout_basic
D:5:      layout_basic, serial_shops, shop, minmay_hedge_maze, uniq_menkaure
D:6:      layout_loops_cross, hellmonk_ghost_happy_afterlife,
          grunt_decor_fettered, hangedman_abyss_or_decor_passed,
          minmay_crystal_room
D:7:      layout_cave_pools, grunt_temple_overflow_open,
          minmay_temple_entry_mist
D:8:      layout_gridville, zin_purify, elyvilon_altar_4
D:9:      layout_gridville, slow_altar_1
D:10:     minmay_angry_zag, layout_rooms, minitemple, david_lair_generic,
          ebering_ghost_funeral_grove, statue_in_the_mist_lemuel
D:11:     layout_basic, david_orc_5, gauntlet_entry_generic, feat_on_display,
          uniq_josephine
D:12:     layout_irregular_city, portal_ice_cave_entry_pillars_2, minivault_16,
          uniq_gastronok
D:13:     layout_loops_ring, hangedman_vaults_entry_quadrant_bands,
          nicolae_trove_entry_columns, uniq_nessos
D:14:     layout_cave_pools, serial_shops, nicolae_shop_real_fake_doors,
          minmay_tree_intersection
D:15:     grunt_enter_depths_giant_problem, layout_basic, lemuel_round_altar,
          serial_shops, nicolae_square_shop
Temple:   nicolae_temple_bog_church
Lair:1:   beast_lair_carwin_large_4, layout_layer_cave,
          minmay_lair_oklob_bushes, lemuel_fruit_tree
Lair:2:   layout_small_grid, swamp_mist, grunt_megastairs_1,
          infiniplex_staircase_pool
Lair:3:   layout_long_grid, guppyfry_snake_entry_garden, grunt_megastairs_3
Lair:4:   layout_big_grid, nicolae_slime_entry_slimehenge, uniq_rupert
Lair:5:   minmay_lair_end_frog_pond, layout_regular_city
Snake:1:  layout_layer_cave, grunt_ministairs_6, uniq_agnes
Orc:1:    layout_caves, nicolae_orc_sculptors_studio, nicolae_orc_lava_tube
Orc:2:    grunt_orc_gardens, layout_caves, grunt_orc_garden, grunt_orc_garden,
          grunt_orc_garden, grunt_orc_garden, basic_altar, minmay_orc_temple_b,
          uniq_urug

Skill      XL: |  1  2  3  4  5  6  7  8  9 10 11 12 13 14 15 |
---------------+----------------------------------------------+-----
Fighting       | 1 2 3 4 5 6 7 8 9 10 | 10.4
Dodging        | 2 3 4 5 6 7 8 9 10 | 10.6
Unarmed Combat | 4 5 6 8 9 11 12 14 15 16 17 | 17.1
Shapeshifting  | 4 5 6 7 8 9 10 11 | 11.6
Invocations    | 2 5 8 9 |  9.6

Action                     |  1- 3 |  4- 6 |  7- 9 | 10-12 | 13-15 || total
---------------------------+-------+-------+-------+-------+-------++-------
  Melee: Unarmed           |    79 |    92 |   191 |   672 |  1016 ||  2050
         Punch             |     1 |     3 |     9 |     2 |    36 ||    51
         Maw               |       |       |       |       |     9 ||     9
   Fire: Sling             |    19 |   143 |    92 |    21 |       ||   275
 Invoke: Upheaval          |       |       |       |       |     8 ||     8
         Elemental Force   |       |       |       |       |     2 ||     2
    Use: Scroll            |       |     5 |     3 |     7 |    11 ||    26
         Potion            |       |       |       |     5 |       ||     5
   Stab: Paralysed         |       |       |       |       |     2 ||     2
 Armour: Animal skin       |    42 |    42 |    43 |       |       ||   127
         Skin              |       |     1 |       |    15 |    21 ||    37
         Steam dragon scal |       |       |   125 |    10 |       ||   135
         Troll leather arm |       |       |       |   108 |       ||   108
         Acid dragon scale |       |       |       |   259 |   573 ||   832
  Dodge: Dodged            |    49 |    70 |   147 |   421 |   790 ||  1477
         Repelled          |       |       |       |       |    10 ||    10
  Block: Other             |       |       |       |    46 |   380 ||   426
         Reflection        |       |       |       |       |    57 ||    57
   Form: Flux              |       |       |       |     1 |     1 ||     2
         Maw               |       |       |       |       |     1 ||     1
         Blade             |       |       |       |       |     2 ||     2
                           |       |       |       |       |     1 ||     1

Table legend: (Time is in decaauts)
 A = Elapsed time spent in this place.
 B = Non-inter-level travel time spent in this place.
 C = Inter-level travel time spent in this place.
 D = Time resting spent in this place.
 E = Time spent auto-exploring this place.
 F = Levels seen in this place.
 G = Mean time per level.
                   A        B        C        D        E       F      G
               +--------+--------+--------+--------+--------+-----+--------+
         Total |  21787 |  20789 |    998 |   2562 |  12569 |  25 |  871.5 |
       Dungeon |  13475 |  12916 |    559 |   1600 |   8299 |  15 |  898.3 |
        Temple |     19 |     19 |      0 |      0 |      0 |   1 |   19.0 |
          Lair |   5734 |   5381 |    353 |    546 |   3227 |   5 | 1146.8 |
     Snake Pit |      1 |      1 |      0 |      0 |      0 |   1 |    1.0 |
  Orcish Mines |   1919 |   1834 |     85 |    357 |    957 |   2 |  959.5 |
      Gauntlet |    636 |    636 |      0 |     59 |     86 |   1 |  636.0 |
               +--------+--------+--------+--------+--------+-----+--------+

Top non-repeatable levels by time:
    D:13: 1682 daAuts
  Lair:1: 1506 daAuts
     D:8: 1194 daAuts
  Lair:4: 1165 daAuts
  Lair:5: 1161 daAuts
     D:9: 1150 daAuts
     D:4: 1115 daAuts
     D:5: 1099 daAuts
  Lair:2: 1012 daAuts
   Orc:1: 979 daAuts
    D:12: 978 daAuts
    D:11: 972 daAuts
   Orc:2: 940 daAuts
  Lair:3: 888 daAuts
    D:10: 860 daAuts
